 Dungeon Crawl Stone Soup version 0.26.0-10-g1f06aea511 (webtiles) character file.

Game seed: 18168693460473231438

2271 Borgoz the Slasher (level 9, -6/74 HPs)
             Began as a Ghoul Gladiator on Jan 15, 2021.
             Mangled by a wight
             ... wielding a +2 battleaxe
              (9 damage)
             ... on level 6 of the Dungeon.
             The game lasted 00:08:19 (6376 turns).

Borgoz the Slasher (Ghoul Gladiator)                Turns: 6376, Time: 00:08:19

Health: -6/74      AC: 13    Str: 18    XL:     9   Next: 38%
Magic:  8/8        EV: 13    Int:  3    God:
Gold:   317        SH:  8    Dex: 13    Spells: 8/8 levels left

rFire    + . .     SeeInvis .   a - +0 long sword
rCold    + . .     Faith    .   u - +0 buckler
rNeg     + + +     Spirit   .   s - +1 ring mail "Yceni" {rF+} (curse)
rPois    ∞         Reflect  +   c - +0 helmet
rElec    .         Harm     .   g - +0 cloak
rCorr    .         Rampage  .   k - +2 pair of gloves
Will     .....                  (no boots)
Stlth    ++........             v - amulet of reflection
HPRegen  0.00/turn              x - ring of stealth
MPRegen  0.11/turn              (no ring)

@: no status effects
A: claws 1, cold resistance 1, negative energy resistance 3, inhibited
regeneration, torment resistance, unbreathing
a: no special abilities


You were on level 6 of the Dungeon.
You visited 1 branch of the dungeon, and saw 6 of its levels.

You collected 341 gold pieces.
You spent 24 gold pieces at shops.

Inventory:

Hand Weapons
 a - a +0 long sword (weapon)
Missiles
 q - 2 throwing nets (quivered)
Armour
 c - a +0 helmet (worn)
 g - a +0 cloak (worn)
 k - a +2 pair of gloves (worn)
 p - a +2 ring mail of cold resistance
 s - the cursed +1 ring mail "Yceni" (worn) {rF+}
   (You found it on level 4 of the Dungeon)

   It protects you from fire.
   It has a curse placed upon it.
 u - a +0 buckler (worn)
Jewellery
 v - an amulet of reflection (around neck)
 x - a ring of stealth (left hand)
Wands
 t - a wand of paralysis (7)
Scrolls
 b - 7 scrolls of remove curse
 d - 2 scrolls of teleportation {unknown}
 j - 2 scrolls of blinking {unknown}
 l - a scroll of immolation {unknown}
 n - 2 scrolls of enchant armour {unknown}
 y - a scroll of identify
 B - a scroll of brand weapon {unknown}
Potions
 e - a potion of might
 f - a potion of brilliance
 i - 5 potions of curing {unknown}
 m - a potion of cancellation
 o - a potion of lignification {unknown}
 r - a potion of mutation {unknown}
 w - a potion of invisibility {unknown}
 z - 2 potions of flight {unknown}
 A - a potion of magic {unknown}


   Skills:
 + Level 5.4 Fighting
 * Level 6.5 Long Blades
 - Level 1.7 Throwing
 * Level 5.8 Armour
 * Level 6.5 Dodging


You had 8 spell levels left.
You didn't know any spells.
Your spell library contained the following spells:

 Spells                   Type           Power        Failure   Level
 Animate Skeleton         Necr           0%           86%         1
 Pain                     Necr           0%           86%         1
 Vampiric Draining        Necr           0%           99%         3
 Animate Dead             Necr           0%           100%        4
 Agony                    Necr           0%           100%        5


Dungeon Overview and Level Annotations

Branches:
Dungeon (6/15)
 Temple: D:4-7

Altars:
Cheibriados
Hepliaklqana
Qazlal
Xom
Yredelemnul

Shops:
D:5 [?


Innate Abilities, Weirdness & Mutations

You thrive by killing the living.
You are immune to poison.
You have sharp fingernails.
Your flesh is cold resistant. (rC+)
You are immune to negative energy. (rN+++)
You do not regenerate when monsters are visible.
You are immune to unholy pain and torment.
You can survive without breathing.


Message History

The wight is heavily damaged.
The wight misses you.
You hit the wight.
The wight is severely damaged.
The wight closely misses you. You block the wight's attack.
You barely miss the wight.
The wight is severely damaged.
The wight hits you from afar with a cursed +4 spear of freezing.
* * * LOW HITPOINT WARNING * * *
The wight freezes you.
* * * LOW HITPOINT WARNING * * *
The wight hits you with a +2 battleaxe!
* * * LOW HITPOINT WARNING * * *
The worker ant zombie waves its antennae.
The wight hits you from afar with a cursed +4 spear of freezing.
* * * LOW HITPOINT WARNING * * *
You hit the wight but do no damage.
The wight is severely damaged.
The wight hits you with a +2 battleaxe!
You die...

.. ##≈≈≈≈♣P♣♣≈P≈### ...
#≈≈≈≈≈PPPP♣PP..#
♣...##PP≈♣PPPPP≈♣P≈.##
P.....≈≈≈≈≈.≈#P≈≈P...#
.......≈♣≈≈.##.P≈≈≈P.##
≈#....)≈≈.#.###.≈♣PP..#
♣.....≈♣≈≈..# #≈P≈PPP.#
##.#...≈≈..z###.P≈PPP.#
# #.#P≈.≈#Zz@..PP≈≈P.#
###.PP.####...≈PPP.#
....#..#..#....#...#
#..##....<.......###
...##...........#...
... #.....)†....#....
#..............##
#............>.#
#.............##


You could see 2 wights and a worker ant zombie.

Vanquished Creatures
  The ghost of UristMcRaven the Conjurer, a novice DsCj (D:5)
  Sigmund (D:2)
  5 ogres
  2 ice beasts (D:5)
  A centaur (D:5)
  A bullfrog (D:5)
  A water moccasin zombie (D:6)
  A water moccasin skeleton (D:5)
  3 scorpions
  2 wights (D:6)
  2 howler monkeys
  A crimson imp (D:4)
  A centaur zombie (D:5)
  Crazy Yiuf (D:2)
  An orc priest (D:4)
  4 hounds
  An orc wizard (D:5)
  An iguana (D:4)
  Terence (D:2)
  3 worker ants
  A killer bee zombie (D:5)
  A hound zombie (D:5)
  2 hound skeletons (D:5)
  Robin (D:3)
  10 adders
  2 white imps
  An ufetubus (D:5)
  An ooze (D:4)
  4 adder skeletons
  2 dart slugs (D:1)
  4 leopard geckos
  11 orcs
  16 goblins
  12 hobgoblins
  8 jackals
  8 kobolds
  3 quokkas
  5 bats
  3 frilled lizards
  8 rats
137 creatures vanquished.

Vanquished Creatures (others)
  10 plants (D:6)
10 creatures vanquished.

Grand Total: 147 creatures vanquished

Notes
Turn   | Place    | Note
-------+----------+-------------------------------------------
     0 | D:1      | Borgoz the Ghoul Gladiator began the quest for the Orb.
     0 | D:1      | Reached XP level 1. HP: 17/17 MP: 0/0
    64 | D:1      | Reached XP level 2. HP: 23/24 MP: 1/1
   519 | D:1      | Reached skill level 1 in Armour
   582 | D:1      | Reached XP level 3. HP: 30/30 MP: 2/2
  1060 | D:2      | Noticed Sigmund
  1080 | D:2      | Killed Sigmund
  1081 | D:2      | Reached XP level 4. HP: 28/38 MP: 3/3
  1081 | D:2      | Reached XP level 5. HP: 34/45 MP: 4/4
  1188 | D:2      | Found a hazy altar of Hepliaklqana.
  1189 | D:2      | Found a shimmering altar of Xom.
  1190 | D:2      | Noticed a spectral ugly thing
  1520 | D:2      | Reached XP level 6. HP: 32/51 MP: 5/5
  1672 | D:2      | Noticed Terence
  1690 | D:2      | Killed Terence
  1858 | D:2      | Found a runed translucent door.
  1859 | D:2      | Noticed Crazy Yiuf
  2353 | D:2      | Killed Crazy Yiuf
  2562 | D:3      | Noticed Robin
  2584 | D:3      | Killed Robin
  2771 | D:3      | Found a snail-covered altar of Cheibriados.
  3196 | D:4      | Reached XP level 7. HP: 51/57 MP: 6/6
  3823 | D:4      | Got a crude ring mail
  3875 | D:4      | Identified the cursed +1 ring mail "Yceni" {rF+} (You found
                  | it on level 4 of the Dungeon)
  4308 | D:4      | Reached skill level 5 in Long Blades
  4308 | D:4      | Reached skill level 5 in Dodging
  4308 | D:4      | Reached XP level 8. HP: 66/66 MP: 7/7
  4384 | D:5      | Entered Level 5 of the Dungeon
  4389 | D:5      | Found Taorpheshre's Magic Scroll Emporium.
  4395 | D:5      | Bought a scroll of identify for 24 gold pieces
  4473 | D:5      | Found a transporter.
  4473 | D:5      | Noticed UristMcRaven's ghost (novice DsCj)
  4886 | D:5      | Found a transporter.
  4889 | D:5      | Found a basalt altar of Yredelemnul.
  4964 | D:5      | Found Logal's Antique Armour Boutique.
  5182 | D:5      | Reached skill level 5 in Armour
  5577 | D:5      | Found a stormy altar of Qazlal.
  5999 | D:5      | Killed UristMcRaven's ghost
  6000 | D:5      | Reached skill level 5 in Fighting
  6000 | D:5      | Reached XP level 9. HP: 20/74 MP: 8/8
  6344 | D:6      | HP: 3/74 [wight/cursed +4 spear of freezing (7)]
  6375 | D:6      | HP: 3/74 [wight/cursed +4 spear of freezing (3)]
  6376 | D:6      | Mangled by a wight

Illustrated notes

Levels and vault maps discovered:
D:1:      lightli_arrival_farm, layout_basic
D:2:      minmay_general_purpose_star, layout_loops_cross,
          regret_index_temple_of_mockery, corexii_leaking_fountain,
          minmay_between, uniq_terence, uniq_crazy_yiuf_cottage, uniq_sigmund
D:3:      layout_basic, lemuel_doored_altar, minmay_unequal, uniq_robin
D:4:      layout_loops_ring, minmay_fire_ice_demons
D:5:      layout_basic, old_standard_altar, marbit_many_paths,
          gammafunk_ghost_mausoleum, serial_shops, shop, shop,
          hangedman_glass_teeth, guppyfry_early_lair_pool
D:6:      layout_cave_pools, zin_purify, minmay_temple_entry_large_hall,
          serial_shops, nicolae_shop_stone, serial_bayou, serial_bayou_lagoon_a,
          serial_bayou_ford_a, serial_bayou_lagoon_b, serial_bayou_crossing,
          lemuel_altar_in_water2

Skill      XL: |  1  2  3  4  5  6  7  8 |
---------------+-------------------------+-----
Long Blades    | 3 4 5 6 |  6.5
Dodging        | 3 4 5 6 |  6.5
Armour         | 1 2 3 4 5 |  5.8
Fighting       | 3 4 5 |  5.4
Throwing       | |  1.7

Action                   |  1- 3 |  4- 6 |  7- 9 || total
-------------------------+-------+-------+-------++-------
Melee: Long sword        |    80 |   183 |   392 ||   655
Throw: Throwing net      |     1 |     1 |     2 ||     4
  Use: Potion            |     1 |       |     4 ||     5
       Scroll            |       |     5 |     2 ||     7
 Stab: Held in net/web   |       |     1 |     1 ||     2
Armor: Leather armour    |    42 |       |       ||    42
       Ring mail         |     6 |    88 |   168 ||   262
Dodge: Dodged            |    99 |   170 |   273 ||   542
Block: Buckler           |       |       |   117 ||   117
       Reflection        |       |       |     1 ||     1
       Rpst.: Long sword |    19 |    63 |    70 ||   152
